 Dungeon Crawl Stone Soup version 0.28-a0-1038-g9c4cb8273d (webtiles) character file.

Game seed: 17263994046318895469

15108 siradein the Reanimator (level 11, -1/96 HPs)
             Began as a Deep Dwarf Necromancer on Dec 9, 2021.
             Was a Follower of Yredelemnul.
             Slain by a yak (9 damage)
             ... on level 1 of the Lair of Beasts.
             The game lasted 00:58:16 (14676 turns).

siradein the Reanimator (Deep Dwarf Necromancer)   Turns: 14676, Time: 00:58:16

Health: -1/96      AC: 16    Str: 24    XL:     11   Next: 97%
Magic:  30/30 (21) EV: 14    Int: 21    God:    Yredelemnul [*.....]
Gold:   574        SH:  0    Dex:  9    Spells: 19/23 levels left

rFire   . . .      SeeInvis .   a - +4 mace "Globulus" {spect, Int+5}
rCold   . . .      Faith    .   (no shield)
rNeg    . . .      Spirit   .   D - +4 leather armour of Gallantry {rPois Str+8 Dex-4 Stlth-}
rPois   +          Reflect  .   g - +0 helmet
rElec   .          Harm     .   i - +1 cloak
rCorr   .          Rampage  .   E - +0 pair of gloves
Will    +....                   k - +2 pair of boots
Stlth   +.........              (no amulet)
HPRegen 0.00/turn               y - ring of magical power
MPRegen 0.22/turn               (no ring)

@: no status effects
A: damage resistance, heal wounds, sense surroundings 2, no regeneration
a: Heal Wounds, Renounce Religion, Animate Remains


You were on level 1 of the Lair of Beasts.
You worshipped Yredelemnul.
Yredelemnul was aware of your devotion.
You visited 3 branches of the dungeon, and saw 13 of its levels.

You collected 574 gold pieces.

Inventory:

Hand Weapons
 a - the +4 mace "Globulus" (weapon) {spect, Int+5}
   (You found it on level 4 of the Dungeon)

   When its wielder attacks, the weapon's spirit leaps out and strikes again.
   The spirit shares a part of any damage it takes with its wielder.
   Int:       It affects your intelligence (+5).
 m - a +0 quarterstaff
Missiles
 A - 2 throwing nets
Armour
 g - a +0 helmet (worn)
 i - a +1 cloak (worn)
 k - a +2 pair of boots (worn)
 n - a +2 scale mail of cold resistance
 D - the +4 leather armour of Gallantry (worn) {rPois Str+8 Dex-4 Stlth-}
   (You found it on level 10 of the Dungeon)

   Str:       It affects your strength (+8).
   Dex:       It affects your dexterity (-4).
   rPois:     It protects you from poison.
   Stlth:     It makes you less stealthy.
 E - a +0 pair of gloves (worn)
 I - a +0 tower shield
Jewellery
 y - a ring of magical power (left hand)
Wands
 f - a wand of mindburst (15)
 o - a wand of acid (5)
 t - a wand of charming (14)
 w - a wand of polymorph (7)
 H - a wand of digging (4)
Scrolls
 b - 6 scrolls of teleportation
 d - 2 scrolls of enchant armour
 j - 2 scrolls of summoning
 l - 2 scrolls of immolation
 q - 2 scrolls of enchant weapon {unknown}
 u - a scroll of torment {unknown}
 v - a scroll of holy word {unknown}
 z - 2 scrolls of vulnerability {unknown}
 F - a scroll of fear {unknown}
Potions
 c - 6 potions of curing
 e - 2 potions of berserk rage
 h - 2 potions of brilliance
 p - 5 potions of might
 r - 2 potions of magic
 s - 2 potions of heal wounds {unknown}
 x - 3 potions of degeneration {unknown}
 B - a potion of flight {unknown}
 G - a potion of lignification {unknown}
Miscellaneous
 C - a condenser vane (inert)


   Skills:
 + Level 5.3 Fighting
 + Level 6.6 Staves
 + Level 6.4 Armour
 + Level 8.8 Dodging
 - Level 2.4 Stealth
 + Level 6.8 Spellcasting
 + Level 9.7 Necromancy
 + Level 7.9 Invocations
 + Level 8.0 Evocations


You had 19 spell levels left.
You knew the following spells:

 Your Spells              Type           Power      Damage    Failure   Level
a - Pain                  Necr           100%       1d9       1%          1
b - Vampiric Draining     Necr           48%        2d9       1%          3

Your spell library contained the following spells:

 Spells                   Type           Power      Damage    Failure   Level
 Animate Skeleton         Necr           96%        N/A       1%          1
 Corpse Rot               Necr/Air       54%        N/A       1%          2
 Animate Dead             Necr           24%        N/A       1%          4
 Dispel Undead            Necr           48%        3d18      1%          4
 Agony                    Necr           48%        N/A       4%          5
 Death Channel            Necr           24%        N/A       28%         6


Dungeon Overview and Level Annotations

Branches:
Dungeon (11/15)            Temple (1/1) D:5            Lair (1/6) D:11
    Orc (0/2) D:9

Altars:
Ashenzari
Cheibriados
Dithmenos
Gozag
Hepliaklqana
Makhleb
Nemelex Xobeh
Okawaru
Qazlal
Trog
Xom
Yredelemnul
Zin
The Shining One

Portals:
Trove: D:10 (give +4 ice dragon scales)

Annotations:
D:3 2 transporters, Ninjinzu's ghost, amateur MiFi
D:7 2 transporters, Atlas's ghost, amateur FeTm; Grum; Harold


Innate Abilities, Weirdness & Mutations

You are resistant to damage.
You can heal yourself by infusing magical energy.
You passively map the area around you.
You do not regenerate.


Message History

The blink frog closely misses you.
The blink frog blinks!
The blink frog blinks!
The blink frog blinks!
The yak gores you.
There is a staircase back to the Dungeon, spattered with blood here.
The blink frog blinks!
The blink frog hits you!
* * * LOW HITPOINT WARNING * * *
The blink frog blinks!
The yak gores you but does no damage.
You climb upwards.
Welcome back to the Dungeon!
There is a staircase to the Lair here.
Aiming: Vampiric Draining (safe; 1% risk of failure)
Press: ? - help, Q - select action, (/) - cycle Shift-Dir - straight line, f - blink frog
Aim: a blink frog (moderately wounded)
You draw life force from the blink frog.
You feel life coursing into your body.
The blink frog hits you but does no damage.
Your vampire mosquito zombie bites the blink frog!
Aiming: Vampiric Draining (safe; 1% risk of failure)
Press: ? - help, Q - select action, (/) - cycle Shift-Dir - straight line, f/p - blink frog
Aim: a blink frog (severely wounded, ally target)
You draw life force from the blink frog!
You kill the blink frog!
Yredelemnul accepts your kill.
You feel life coursing into your body.
You see here a blink frog corpse.
You attempt to give life to the dead...
The dead are hopping!
There is a staircase to the Lair here.
You start resting.
Magic restored.
You climb downwards.
Welcome back to the Lair of Beasts!
Your mindless thralls stay behind.
The blink frog blinks!
The yak gores you.
* * * LOW HITPOINT WARNING * * *
The yak gores you!
* * * LOW HITPOINT WARNING * * *
The yak gores you.
* * * LOW HITPOINT WARNING * * *
There is a staircase back to the Dungeon, spattered with blood here.
The yak gores you!
You die...
Your body rises from the dead as a mindless zombie.

#.#......Y###..##.#...#
#.Z[..# ###......##
##Y##.....###..#.##
###...##
##........##Z.#### *
##..#####........P#....#
#####...............####
, #......l...........###
*
#..[..S.....##......#.#
,,, *
.........YY..###.#....##
.........@..####.......#
, ,, #......F§YY.#
#........# ,,
..........## ##.......##
, * .........##
##........P# * .......##
#..........#* ...####
###.........) * #..
#..(.)..... ##*
###.....#.# #..##.###


You could see a komodo dragon, 5 yaks, a blink frog and a water moccasin.

Vanquished Creatures
  Snorg (D:10)
  A boulder beetle (D:11)
  A two-headed ogre (D:9)
  Erica (D:8)
  Sonja (Lair:1)
  A manticore (D:11)
  A cyclops (D:11)
  Maurice (D:9)
  Psyche (D:8)
  A troll (D:11)
  A hornet (D:7)
  A blink frog (D:11)
  4 slime creatures
  Prince Ribbit (D:9)
  A shadow (D:11)
  A wraith (D:10)
  14 yaks
  A vampire mosquito (D:11)
  2 swamp worms (D:7)
  An acid dragon (D:8)
  A water moccasin (D:9)
  A sky beast (D:4)
  An orc warrior (D:9)
  A hornet zombie (D:7)
  3 ice beasts
  2 necrophages
  An ogre (D:5)
  3 centaurs (D:8)
  A phantom (D:4)
  2 gnoll sergeants
  2 scorpions (D:5)
  A wyvern zombie (D:9)
  2 bullfrogs
  11 killer bees (D:9)
  A vampire bat (D:4)
  4 wights
  An electric eel (D:7)
  2 howler monkeys (D:8)
  A bullfrog zombie (D:5)
  3 centaur zombies
  4 hounds
  A bullfrog skeleton (D:4)
  A gnoll shaman (D:5)
  3 jellies
  Crazy Yiuf (D:4)
  4 orc priests
  An iguana (D:5)
  4 orc wizards
  A hound skeleton (D:5)
  2 howler monkey zombies
  15 gnolls
  5 adders
  2 shadow imps
  2 white imps (D:6)
  An ufetubus (D:6)
  An adder zombie (D:5)
  A worm (D:4)
  3 fire bats (D:4)
  22 orcs
  2 spectral bats (D:4)
  18 bats
  3 bat skeletons (D:4)
  A bat zombie (D:4)
  5 endoplasms
  2 giant cockroaches
  8 goblins
  11 hobgoblins
  12 jackals
  5 kobolds
  2 quokkas (D:5)
  8 ball pythons
  A bat simulacrum (D:4)
  3 rats
236 creatures vanquished.

Vanquished Creatures (collateral kills)
  A hydra (D:11)
  A two-headed ogre (D:11)
  A centaur zombie (D:10)
  A troll (D:11)
  A blink frog (Lair:1)
  A wraith (D:11)
  A yak (D:8)
  A vampire mosquito (D:11)
  An acid dragon (D:6)
  An orc warrior (D:11)
  A wight (D:7)
  2 howler monkey zombies
13 creatures vanquished.

Vanquished Creatures (others)
  3 yak zombies
  A bullfrog zombie (D:7)
  2 centaur zombies (D:8)
  3 gnoll zombies (D:7)
  2 howler monkey zombies (D:8)
  3 killer bee zombies (D:9)
  An orc skeleton (D:9)
  3 orc zombies
  A fungus (Lair:1)
  12 plants
31 creatures vanquished.

Grand Total: 280 creatures vanquished

Notes
Turn   | Place    | Note
-------+----------+-------------------------------------------
     0 | D:1      | siradein the Deep Dwarf Necromancer began the quest for the
                  | Orb.
     0 | D:1      | Reached XP level 1. HP: 15/15 MP: 3/3
   328 | D:1      | Reached XP level 2. HP: 20/22 MP: 0/5
   977 | D:1      | Found a faded altar of an unknown god.
  1311 | D:2      | Reached XP level 3. HP: 23/28 MP: 2/6
  1315 | D:2      | Learned a level 3 spell: Vampiric Draining
  1367 | D:2      | Found a sparkling altar of Nemelex Xobeh.
  1591 | D:2      | Reached skill level 5 in Necromancy
  1644 | D:2      | Reached XP level 4. HP: 12/36 MP: 0/7
  3097 | D:3      | Found a transporter.
  3102 | D:3      | Noticed Ninjinzu's ghost (amateur MiFi)
  3103 | D:3      | Found a transporter.
  3279 | D:4      | Reached XP level 5. HP: 36/42 MP: 9/9
  3411 | D:4      | Identified the +4 mace "Globulus" {spect, Int+5}
  3421 | D:4      | Found a runed translucent door.
  3422 | D:4      | Noticed Crazy Yiuf
  3658 | D:4      | Noticed a phantom
  3666 | D:4      | Killed a phantom
  3667 | D:4      | Reached skill level 1 in Staves
  4222 | D:4      | Reached XP level 6. HP: 33/49 MP: 10/10
  4277 | D:4      | Reached skill level 6 in Necromancy
  4330 | D:4      | Noticed a sky beast
  4357 | D:4      | Killed a sky beast
  4551 | D:4      | Found a bloodstained altar of Trog.
  4723 | D:4      | Reached XP level 7. HP: 28/55 MP: 5/12
  4804 | D:4      | Killed Crazy Yiuf
  4926 | D:5      | Entered Level 5 of the Dungeon
  5063 | D:5      | Reached skill level 5 in Dodging
  5240 | D:5      | Found a staircase to the Ecumenical Temple.
  5249 | Temple   | Entered the Ecumenical Temple
  5253 | Temple   | Became a worshipper of Yredelemnul the Dark
  5278 | D:5      | Found a burning altar of Makhleb.
  5640 | D:5      | Reached XP level 8. HP: 51/62 MP: 14/14
  5980 | D:6      | Reached skill level 7 in Necromancy
  5980 | D:6      | Reached skill level 1 in Invocations
  6073 | D:6      | Reached skill level 1 in Evocations
  6271 | D:6      | Found an opulent altar of Gozag.
  6440 | D:6      | Reached skill level 1 in Armour
  6518 | D:6      | Reached skill level 1 in Fighting
  6624 | D:6      | Reached * piety under Yredelemnul
  7166 | D:7      | Identified the +11 spear "Demonbane" {venom, Int+3}
  7204 | D:7      | Noticed Grum
  7205 | D:7      | Found a transporter.
  7539 | D:7      | Found a transporter.
  7587 | D:7      | Noticed Atlas's ghost (amateur FeTm)
  7619 | D:7      | Gained mutation: You passively map the area around you.
                  | [Deep Dwarf growth]
  7619 | D:7      | Reached XP level 9. HP: 52/73 MP: 12/16
  7910 | D:7      | Paralysed by a hornet for 1 turns
  8275 | D:7      | Reached skill level 5 in Spellcasting
  8500 | D:7      | Identified the ring of Conformity {Wiz Str+4 Dex+5}
  8725 | D:8      | Noticed Psyche
  8755 | D:8      | Killed Psyche
  8891 | D:8      | Found a hazy altar of Hepliaklqana.
  8962 | D:8      | Noticed Harold
  8996 | D:8      | Found a broken altar of Ashenzari.
  9063 | D:8      | Reached skill level 8 in Necromancy
  9733 | D:9      | Reached ** piety under Yredelemnul
  9736 | D:9      | Reached skill level 5 in Staves
  9738 | D:9      | Reached XP level 10. HP: 75/84 MP: 3/18
  9930 | D:9      | Reached skill level 5 in Invocations
  9985 | D:9      | Noticed a two-headed ogre
  9992 | D:9      | Noticed Maurice
  9995 | D:9      | Killed a two-headed ogre
  9996 | D:9      | Reached skill level 5 in Evocations
 10484 | D:9      | Found a staircase to the Orcish Mines.
 10519 | D:9      | Killed Maurice
 10708 | D:8      | Reached skill level 5 in Armour
 11005 | D:9      | Noticed Erica
 11060 | D:8      | Killed Erica
 11168 | D:8      | Reached XP level 11. HP: 83/93 MP: 19/20
 11573 | D:9      | Noticed Prince Ribbit
 11576 | D:9      | Killed Prince Ribbit
 11756 | D:10     | Entered Level 10 of the Dungeon
 11960 | D:10     | Identified the +4 leather armour of Gallantry {rPois Str+8
                  | Dex-4 Stlth-}
 12301 | D:10     | Reached skill level 9 in Necromancy
 12302 | D:10     | Noticed Snorg
 12319 | D:10     | Killed Snorg
 12410 | D:10     | Found a portal to a secret trove of treasure.
 12429 | D:10     | Found a snail-covered altar of Cheibriados.
 12469 | D:10     | Found a glowing golden altar of the Shining One.
 12473 | D:10     | Found a glowing silver altar of Zin.
 12847 | D:11     | Noticed a boulder beetle
 12872 | D:11     | Killed a boulder beetle
 12976 | D:11     | Noticed a two-headed ogre
 12984 | D:11     | Killed a two-headed ogre
 13153 | D:11     | Reached skill level 5 in Fighting
 13211 | D:11     | Found a staircase to the Lair.
 13701 | D:11     | Found a shadowy altar of Dithmenos.
 13734 | D:11     | Noticed a seven-headed hydra
 13743 | D:11     | Killed a seven-headed hydra
 14380 | Lair:1   | Entered Level 1 of the Lair of Beasts
 14575 | Lair:1   | Noticed Sonja
 14594 | Lair:1   | Killed Sonja
 14676 | Lair:1   | Slain by a yak

Illustrated notes

Levels and vault maps discovered:
D:1:      dpeg_arrival_boxes_within_box, layout_basic,
          shapermc_ecumenical_altar_mp_urbaneastern, dk_noncrumbling_3
D:2:      layout_basic, basic_altar, cheibrodos_gnoll_hut
D:3:      layout_rooms, gammafunk_ghost_mausoleum
D:4:      layout_loops_corners, trog_hazing_becter,
          hangedman_abyss_or_decor_passed, goddamned_bats,
          uniq_crazy_yiuf_cottage
D:5:      layout_gridville, makhleb_blood_cavern_becter,
          minmay_temple_entry_grid, dk_noncrumbling_2
D:6:      layout_gridville, lemuel_crystal_altar, kennysheep_generic_room_13
D:7:      layout_gridville, gammafunk_ghost_gnarly_gnolls, nicolae_water_bricks,
          worms_lemuel
D:8:      layout_cave_pools, nicolae_hepliaklqana_hippocampus,
          nicolae_ashenzari_skybound, uniq_psyche, uniq_harold
D:9:      layout_basic, orc_0_dummy, kennysheep_generic_room_12, uniq_erica,
          uniq_grum, uniq_maurice, uniq_prince_ribbit1
D:10:     layout_cave_pools, gammafunk_temple_overflow_forgotten,
          nicolae_trove_entry_crystal, uniq_snorg
D:11:     layout_layer_cave, lair_entry_dummy, nicolae_dithmenos_shadow_blocks
Temple:   zaba_magenta_temple
Lair:1:   layout_cave_pods, uniq_sonja

Skill      XL: |  1  2  3  4  5  6  7  8  9 10 11 |
---------------+----------------------------------+-----
Spellcasting   | 2 3 4 5 6 |  6.8
Dodging        | 3 4 5 6 7 8 |  8.8
Necromancy     | 5 6 7 8 9 |  9.7
Staves         | 1 2 3 4 5 6 |  6.6
Invocations    | 3 4 6 7 |  7.9
Evocations     | 3 4 6 8 |  8.0
Armour         | 2 3 5 6 |  6.4
Fighting       | 1 3 4 5 |  5.3
Stealth        | |  2.4

Action                   |  1- 3 |  4- 6 |  7- 9 | 10-12 || total
-------------------------+-------+-------+-------+-------++-------
Melee: Short sword       |    10 |       |       |       ||    10
       Mace              |    10 |    73 |   129 |   111 ||   323
       Spear             |       |    35 |       |       ||    35
       Quarterstaff      |       |    10 |    14 |       ||    24
 Cast: Pain              |    63 |       |       |       ||    63
       Vampiric Draining |     4 |    34 |   107 |   130 ||   275
Invok: Animate Remains   |       |       |    16 |    22 ||    38
       Injury Mirror     |       |       |       |     2 ||     2
Evoke: Condenser vane    |       |       |       |     1 ||     1
  Use: Scroll            |       |     5 |     3 |     1 ||     9
 Stab: Sleeping          |     1 |     7 |     1 |       ||     9
       Distracted        |       |     2 |     1 |     1 ||     4
Armor: Robe              |    10 |    86 |    13 |       ||   109
       Ring mail         |       |       |    54 |       ||    54
       Scale mail        |       |       |    35 |    48 ||    83
       Leather armour    |       |       |       |    92 ||    92
Dodge: Dodged            |    44 |   134 |   195 |   208 ||   581

Table legend: (Time is in decaauts)
 A = Elapsed time spent in this place.
 B = Non-inter-level travel time spent in this place.
 C = Inter-level travel time spent in this place.
 D = Time resting spent in this place.
 E = Time spent auto-exploring this place.
 F = Levels seen in this place.
 G = Mean time per level.
                   A        B        C        D        E       F      G
               +--------+--------+--------+--------+--------+-----+--------+
         Total |  14831 |  14325 |    506 |   1225 |  10138 |  13 | 1140.8 |
       Dungeon |  14576 |  14071 |    505 |   1225 |   9988 |  11 | 1325.1 |
        Temple |      8 |      8 |      0 |      0 |      0 |   1 |    8.0 |
          Lair |    245 |    245 |      0 |      0 |    150 |   1 |  245.0 |
               +--------+--------+--------+--------+--------+-----+--------+

Top non-repeatable levels by time:
     D:9: 1802 daAuts
    D:11: 1774 daAuts
     D:4: 1688 daAuts
     D:8: 1532 daAuts
     D:7: 1528 daAuts
     D:2: 1370 daAuts
     D:1: 1338 daAuts
     D:6: 1208 daAuts
     D:5: 1043 daAuts
    D:10: 722 daAuts
     D:3: 565 daAuts
  Lair:1: 245 daAuts
  Temple: 8 daAuts
